Flames vs Red Wings

Created - January 31, 2025 at 19:31

Goals
1 2 3 T
Flames 2 1 0 3
Red Wings 0 1 1 2
Shots
1 2 3 T
Flames 11 11 10 32
Red Wings 6 8 6 20

1st period

1. Flames , Evgeny Svechnikov 4 (Jimmy Hayes 28, Sami Vatanen 25) at 8:12 (PP)
2. Flames , Jimmy Hayes 17 (Eric Staal 27, Jake DeBrusk 20) at 10:48 (PP)

Penalties :
David Backes (Det) for Boarding (Major) at 7:37

2nd period

3. Red Wings , Dylan Larkin 17 (Brendan Lemieux 21, Connor Brown 24) at 10:15 (PP)
4. Flames , Anders Lee 2 (Jimmy Hayes 29, Christian Folin 7) at 17:18

Penalties :
Marco Scandella (Det) for Delaying the game (Minor) at 1:08, David Backes (Det) for Slashing (Minor) at 4:03, Eric Staal (Cal) for Holding (Minor) at 10:01, Brad Marchand (Cal) for Hooking (Minor) at 10:25, Marco Scandella (Det) for Hooking (Minor) at 13:51, Jimmy Hayes (Cal) for Holding (Minor) at 15:02

3rd period

5. Red Wings , Dylan Larkin 18 (Philip Samuelsson 8) at 19:34

Penalties :
Dylan Larkin (Det) for High sticking (Minor) at 2:44, Danton Heinen (Det) for Roughing (Minor) at 12:18

Goalie Stats

Christopher Gibson (Cal), 18 saves from 20 shots - (0.900), W, 21-10-2, 60:00 minutes
Alexandar Georgiev (Det), 29 saves from 32 shots - (0.906), L, 17-12-2, 59:50 minutes

Players Stats for Flames

Player Name              G  A  P  +/- PIM S  H  SB GA TA FO     MP     PP MP  PK MP  
------------------------------------------------------------------------------------
Anders Lee               1  0  1   1  0   3  2  0  1  0  2/3    10:06   0:23   0:45 
Brad Marchand            0  0  0   0  2   1  1  0  0  0  1/2    17:16   0:46   0:41 
Bryan Rust               0  0  0   0  0   6  2  1  2  0  2/4    18:36   0:42   1:18 
Christian Folin          0  1  1   0  0   1  2  2  0  1  0/0    19:56   5:29   1:21 
Colby Robak              0  0  0   0  0   0  1  0  0  0  0/0    11:54   0:00   1:39 
David Ullstrom           0  0  0   1  0   4  0  0  0  0  0/0     7:33   0:20   0:57 
Eric Staal               0  1  1  -1  2   3  0  1  3  0  8/22   20:45   7:57   0:36 
Erik Johnson             0  0  0   1  0   2  1  2  0  2  0/0    29:48   8:37   1:45 
Esa Lindell              0  0  0  -1  0   1  0  0  0  1  0/0    18:18   5:29   0:00 
Evgeny Svechnikov        1  0  1  -1  0   3  1  0  0  0  0/0    11:10   5:26   0:00 
Jake DeBrusk             0  1  1  -1  0   0  3  0  0  1  0/0    17:58   7:54   0:28 
Jimmy Hayes              1  2  3   1  2   3  2  1  0  0  2/3    19:09   7:57   0:00 
Kevin Labanc             0  0  0   0  0   0  2  0  0  0  0/0     8:53   0:00   0:00 
Kyle Palmieri            0  0  0   0  0   0  0  0  0  0  2/3     8:53   0:00   0:00 
Patrik Berglund          0  0  0   0  0   3  1  0  0  0  5/14   18:51   5:26   2:03 
Rasmus Andersson         0  0  0   0  0   0  0  0  0  1  0/0    11:54   0:00   1:39 
Sami Vatanen             0  1  1   0  0   1  5  1  2  1  0/0    28:10   8:37   0:24 
Tanner Pearson           0  0  0   0  0   1  2  0  0  0  2/3    16:35   5:26   0:00 

Players Stats for Red Wings

Player Name              G  A  P  +/- PIM S  H  SB GA TA FO     MP     PP MP  PK MP  
------------------------------------------------------------------------------------
Brendan Lemieux          0  1  1  -1  0   1  2  1  1  0  0/0    17:18   1:39   1:45 
Carson Mcmillan          0  0  0   0  0   1  1  0  0  0  0/0    13:02   0:00   6:56 
Charlie Coyle            0  0  0   0  0   1  0  1  1  1  12/17  15:08   1:42   0:27 
Colton Parayko           0  0  0   0  0   0  3  1  0  0  0/0    25:14   2:20   6:09 
Connor Brown             0  1  1   1  0   0  2  1  0  0  0/0    16:28   1:38   0:00 
Danton Heinen            0  0  0   1  2   2  2  0  0  0  0/0    15:15   1:42   0:00 
David Backes             0  0  0   0  7   4  1  0  1  1  0/0    14:52   1:42   0:00 
Drew Fata                0  0  0   0  0   0  0  1  1  1  0/0    17:52   0:00   5:46 
Dylan Larkin             2  0  2   1  2   4  2  0  0  2  9/20   16:30   1:38   0:00 
Ivan Provorov            0  0  0   0  0   0  1  2  1  0  0/0    16:00   1:04   0:29 
Jake Virtanen            0  0  0   0  0   1  3  0  1  0  0/0     9:03   1:04   0:00 
Lucas Lessio             0  0  0   0  0   0  2  0  0  0  0/0     8:24   0:00   2:19 
Marco Scandella          0  0  0   0  4   0  1  2  0  0  0/0    19:04   0:03   6:17 
Max Reinhart             0  0  0  -1  0   1  1  1  0  0  0/2    11:15   0:04   4:47 
Philip Samuelsson        0  1  1   0  0   2  0  2  0  1  0/0    21:04   2:03   1:34 
Roland McKeown           0  0  0   0  0   1  1  2  1  1  0/0    19:46   0:17   7:57 
T.J. Hensick             0  0  0   0  0   1  3  1  0  0  9/15   15:21   0:00   7:11 
Tye McGinn               0  0  0  -1  0   1  0  1  0  1  0/0    13:24   0:04   4:47 

3 Stars

1 - Jimmy Hayes (Cal)
2 - Dylan Larkin (Det)
3 - Anders Lee (Cal)

Power Play

Flames - 2 on 8 Attempt(s) - 25.00%
Red Wings - 1 on 3 Attempt(s) - 33.33%

Penalty Kill

Flames - 2 on 3 Attempt(s) - 66.67% - Score 0 goal in Penalty Kill
Red Wings - 6 on 8 Attempt(s) - 75.00% - Score 0 goal in Penalty Kill

Team Stat

Flames - Hits : 25 - Faceoff Wins : 24 - Blocked Shots : 8 - Penalty Minutes : 6
Red Wings - Hits : 25 - Faceoff Wins : 30 - Blocked Shots : 16 - Penalty Minutes : 15

Official

Referees : Conor O'Donnell and Tom Chmielewski
Linesman : Derek Nansen and Jesse Marquis

Game Notes

No Game Note

Finance

Level 1 -- Attendance: 5394 (89.90%) -- Ticket Income $539,400
Level 2 -- Attendance: 4936 (98.72%) -- Ticket Income $345,520
Level 3 -- Attendance: 1814 (90.70%) -- Ticket Income $72,560
Level 4 -- Attendance: 4000 (100.00%) -- Ticket Income $120,000
Luxury Box -- Attendance: 961 (96.10%) -- Ticket Income $192,200
Game was played at the Little Caesars arena.
Total Attendance: 17105 (95.03%)
Total Ticket Income: $1,269,680
Other Income: $190,452
Total Income: $1,460,132

Flames

5 vs 5 Forward 
   Center                   Left Wing                Right Wing               Time % Phy DF OF 
 1 Eric Staal               Brad Marchand            Bryan Rust               40     1   2  2  
 2 Patrik Berglund          Tanner Pearson           Jimmy Hayes              30     1   2  2  
 3 Kyle Palmieri            Jake DeBrusk             Kevin Labanc             20     1   2  2  
 4 Anders Lee               David Ullstrom           Evgeny Svechnikov        10     1   2  2  

5 vs 5 Defense 
   Defense                  Defense                                           Time % Phy DF OF 
 1 Erik Johnson             Sami Vatanen                                      40     1   2  2  
 2 Esa Lindell              Christian Folin                                   30     1   2  2  
 3 Colby Robak              Rasmus Andersson                                  20     1   2  2  
 4 Erik Johnson             Sami Vatanen                                      10     1   2  2  

PowerPlay Forward 
   Center                   Left Wing                Right Wing               Time % Phy DF OF 
 1 Eric Staal               Jake DeBrusk             Jimmy Hayes              60     1   1  3  
 2 Patrik Berglund          Tanner Pearson           Evgeny Svechnikov        40     1   1  3  

PowerPlay Defense
   Defense                  Defense                                           Time % Phy DF OF 
 1 Erik Johnson             Sami Vatanen                                      60     1   1  3  
 2 Esa Lindell              Christian Folin                                   40     1   1  3  

Penalty Kill 4 Players Forward 
   Center                   Wing                     Time % Phy DF OF 
 1 Patrik Berglund          Brad Marchand            60     1   3  1  
 2 Eric Staal               Bryan Rust               40     1   3  1  

Penalty Kill 4 Players Defense
   Defense                  Defense                  Time % Phy DF OF 
 1 Erik Johnson             Christian Folin          60     1   3  1  
 2 Colby Robak              Rasmus Andersson         40     1   3  1  

Penalty Kill - 3 Players Forward 
   Forward                                           Time % Phy DF OF 
 1 Eric Staal                                        60     1   3  1  
 2 Patrik Berglund                                   40     1   3  1  

Penalty Kill - 3 Players Defense
   Defense                  Defense                  Time % Phy DF OF 
 1 Erik Johnson             Christian Folin          60     1   3  1  
 2 Colby Robak              Rasmus Andersson         40     1   3  1  

4 vs 4 Forward 
   Center                   Wing                     Time % Phy DF OF 
 1 Eric Staal               Brad Marchand            60     1   2  2  
 2 Patrik Berglund          Bryan Rust               40     1   2  2  

4 vs 4 Defense
   Defense                  Defense                  Time % Phy DF OF 
 1 Erik Johnson             Sami Vatanen             60     1   2  2  
 2 Esa Lindell              Christian Folin          40     1   2  2  

Last Minutes Offensive
   Center                   Left Wing                Right Wing               Defense                  Defense                  
   Eric Staal               Brad Marchand            Bryan Rust               Erik Johnson             Sami Vatanen             

Last Minutes Defensive
   Center                   Left Wing                Right Wing               Defense                  Defense                  
   Eric Staal               Brad Marchand            Bryan Rust               Erik Johnson             Sami Vatanen             

Goaltenders
Starting : Christopher Gibson       
Backup : Michael Hutchinson       

Extra Forwards
Normal : Bryan Rust, Jake DeBrusk, Patrik Berglund - PP : Tanner Pearson, Brad Marchand - PK : Bryan Rust
Extra Defensemen
Normal : Esa Lindell, Christian Folin, Colby Robak - PP : Esa Lindell - PK : Sami Vatanen, Colby Robak
Penalty Shots
Eric Staal, Jake DeBrusk, Jimmy Hayes, Tanner Pearson, Kevin Labanc
Custom OT Lines Forwards
Eric Staal, Jake DeBrusk, Patrik Berglund, Bryan Rust, Jimmy Hayes, Brad Marchand, Tanner Pearson, Evgeny Svechnikov, Kevin Labanc, Kyle Palmieri
Custom OT Lines Defensemen
Erik Johnson, Sami Vatanen, Christian Folin, Esa Lindell, Colby Robak

Scratches
Matthew Nieto (Healthy), Victor Rask (Healthy)

Red Wings

5 vs 5 Forward 
   Center                   Left Wing                Right Wing               Time % Phy DF OF 
 1 Dylan Larkin             Danton Heinen            Connor Brown             35     1   2  2  
 2 Charlie Coyle            Brendan Lemieux          David Backes             35     1   2  2  
 3 T.J. Hensick             Tye McGinn               Jake Virtanen            20     1   2  2  
 4 Max Reinhart             Lucas Lessio             Carson Mcmillan          10     1   2  2  

5 vs 5 Defense 
   Defense                  Defense                                           Time % Phy DF OF 
 1 Philip Samuelsson        Colton Parayko                                    40     1   2  2  
 2 Marco Scandella          Ivan Provorov                                     30     1   2  2  
 3 Drew Fata                Roland McKeown                                    20     1   2  2  
 4 Drew Fata                Roland McKeown                                    10     1   2  2  

PowerPlay Forward 
   Center                   Left Wing                Right Wing               Time % Phy DF OF 
 1 Dylan Larkin             Brendan Lemieux          Connor Brown             60     1   2  2  
 2 Charlie Coyle            Danton Heinen            David Backes             40     1   2  2  

PowerPlay Defense
   Defense                  Defense                                           Time % Phy DF OF 
 1 Philip Samuelsson        Colton Parayko                                    60     1   2  2  
 2 Ivan Provorov            Jake Virtanen                                     40     1   2  2  

Penalty Kill 4 Players Forward 
   Center                   Wing                     Time % Phy DF OF 
 1 T.J. Hensick             Carson Mcmillan          60     1   2  2  
 2 Max Reinhart             Tye McGinn               40     1   2  2  

Penalty Kill 4 Players Defense
   Defense                  Defense                  Time % Phy DF OF 
 1 Marco Scandella          Roland McKeown           60     1   2  2  
 2 Colton Parayko           Drew Fata                40     1   2  2  

Penalty Kill - 3 Players Forward 
   Forward                                           Time % Phy DF OF 
 1 Carson Mcmillan                                   60     1   2  2  
 2 Max Reinhart                                      40     1   2  2  

Penalty Kill - 3 Players Defense
   Defense                  Defense                  Time % Phy DF OF 
 1 Marco Scandella          Roland McKeown           60     1   2  2  
 2 Drew Fata                Colton Parayko           40     1   2  2  

4 vs 4 Forward 
   Center                   Wing                     Time % Phy DF OF 
 1 Dylan Larkin             Connor Brown             60     1   2  2  
 2 Charlie Coyle            Brendan Lemieux          40     1   2  2  

4 vs 4 Defense
   Defense                  Defense                  Time % Phy DF OF 
 1 Ivan Provorov            Philip Samuelsson        60     1   2  2  
 2 Colton Parayko           Marco Scandella          40     1   2  2  

Last Minutes Offensive
   Center                   Left Wing                Right Wing               Defense                  Defense                  
   Dylan Larkin             Brendan Lemieux          Connor Brown             Colton Parayko           Philip Samuelsson        

Last Minutes Defensive
   Center                   Left Wing                Right Wing               Defense                  Defense                  
   T.J. Hensick             Tye McGinn               Carson Mcmillan          Colton Parayko           Roland McKeown           

Goaltenders
Starting : Alexandar Georgiev       
Backup : Frederik Andersen        

Extra Forwards
Normal : David Backes, T.J. Hensick, Tye McGinn - PP : Tye McGinn, Max Reinhart - PK : Lucas Lessio
Extra Defensemen
Normal : Roland McKeown, Philip Samuelsson, Marco Scandella - PP : Marco Scandella - PK : Philip Samuelsson, Ivan Provorov
Penalty Shots
Dylan Larkin, Carson Mcmillan, Charlie Coyle, Max Reinhart, Connor Brown
Custom OT Lines Forwards
Dylan Larkin, Connor Brown, Brendan Lemieux, Charlie Coyle, Danton Heinen, David Backes, Jake Virtanen, Carson Mcmillan, Max Reinhart, T.J. Hensick
Custom OT Lines Defensemen
Colton Parayko, Philip Samuelsson, Ivan Provorov, Roland McKeown, Marco Scandella

Scratches
Brendan Woods (Healthy), Martin Marincin (Healthy)

% Time on Ice - Flames

Lines # - Real PCT - Wanted PCT - Time Play
Normal Forward
1 - 35% - 40% - 14:35
2 - 30% - 30% - 12:26
3 - 22% - 20% - 8:53
4 - 13% - 10% - 5:23
Normal Defense
1 - 43% - 40% - 17:56
2 - 32% - 30% - 13:19
3 - 22% - 20% - 9:08
4 - 2% - 10% - 0:54
PP Forward
1 - 59% - 60% - 8:20
2 - 41% - 40% - 5:46
PP Defense
1 - 61% - 60% - 8:37
2 - 39% - 40% - 5:29
PK Forward
1 - 90% - 60% - 3:04
2 - 10% - 40% - 0:20
PK Defense
1 - 51% - 60% - 1:45
2 - 49% - 40% - 1:39
PK3 Forward
1 - 0% - 60%
2 - 0% - 40%
PK3 Defense
1 - 0% - 60%
2 - 0% - 40%
44 Forward
1 - 100% - 60% - 0:48
2 - 0% - 40% - 0:00
44 Defense
1 - 23% - 60% - 0:11
2 - 77% - 40% - 0:37
Last Minute Offensive  - 0:00
Last Minute Defensive  - 0:25
Total
Forward - 60:00
Defense - 60:00

% Time on Ice - Red Wings

Lines # - Real PCT - Wanted PCT - Time Play
Normal Forward
1 - 34% - 35% - 14:12
2 - 32% - 35% - 13:08
3 - 19% - 20% - 7:59
4 - 14% - 10% - 5:58
Normal Defense
1 - 40% - 40% - 16:28
2 - 34% - 30% - 13:57
3 - 21% - 20% - 8:41
4 - 5% - 10% - 2:11
PP Forward
1 - 50% - 60% - 1:42
2 - 50% - 40% - 1:42
PP Defense
1 - 60% - 60% - 2:03
2 - 40% - 40% - 1:21
PK Forward
1 - 66% - 60% - 9:19
2 - 34% - 40% - 4:47
PK Defense
1 - 59% - 60% - 8:20
2 - 41% - 40% - 5:46
PK3 Forward
1 - 0% - 60%
2 - 0% - 40%
PK3 Defense
1 - 0% - 60%
2 - 0% - 40%
44 Forward
1 - 100% - 60% - 0:48
2 - 0% - 40% - 0:00
44 Defense
1 - 77% - 60% - 0:37
2 - 23% - 40% - 0:11
Last Minute Offensive  - 0:25
Last Minute Defensive  - 0:00
Total
Forward - 60:00
Defense - 60:00

Play-by-Play

1st period


0:01 of 1st period - Eric Staal wins face-off versus Dylan Larkin in neutral zone.
0:10 of 1st period - Wrist shot by Eric Staal.
0:10 of 1st period - Stopped by Alexandar Georgiev with a rebound.
0:26 of 1st period - David Backes is hit by Sami Vatanen and loses puck.
0:47 of 1st period - Snap shot by Jake Virtanen.
0:47 of 1st period - Stopped by Christopher Gibson with a rebound.
0:49 of 1st period - Slapshot by Jake Virtanen.
0:49 of 1st period - Shot Misses the Net.
0:51 of 1st period - Slapshot by Ivan Provorov.
0:51 of 1st period - Shot Misses the Net.
0:53 of 1st period - Backhand shot by Marco Scandella.
0:53 of 1st period - Shot Blocked by Sami Vatanen.
1:30 of 1st period - Christian Folin is hit by Dylan Larkin and loses puck.
2:23 of 1st period - Snap shot by Brendan Lemieux.
2:23 of 1st period - Stopped by Christopher Gibson without a rebound.
2:24 of 1st period - Brad Marchand wins face-off versus T.J. Hensick in Flames zone.
2:29 of 1st period - Wrist shot by Sami Vatanen.
2:29 of 1st period - Shot Misses the Net.
2:31 of 1st period - Slapshot by Erik Johnson.
2:31 of 1st period - Stopped by Alexandar Georgiev without a rebound.
2:32 of 1st period - T.J. Hensick wins face-off versus Eric Staal in Red Wings zone.
2:45 of 1st period - Snap shot by Jake Virtanen.
2:45 of 1st period - Shot Blocked by Erik Johnson.
3:15 of 1st period - Snap shot by Eric Staal.
3:15 of 1st period - Shot Blocked by Philip Samuelsson.
3:17 of 1st period - Slapshot by Patrik Berglund.
3:17 of 1st period - Stopped by Alexandar Georgiev without a rebound.
3:18 of 1st period - Dylan Larkin wins face-off versus Patrik Berglund in Red Wings zone.
4:21 of 1st period - Christian Folin is hit by Lucas Lessio and loses puck.
5:06 of 1st period - Wrist shot by David Backes.
5:06 of 1st period - Stopped by Christopher Gibson without a rebound.
5:07 of 1st period - Kyle Palmieri wins face-off versus Dylan Larkin in Flames zone.
5:34 of 1st period - Philip Samuelsson is hit by Bryan Rust and loses puck.
6:23 of 1st period - Lucas Lessio is hit by Anders Lee.
6:58 of 1st period - Brendan Lemieux is hit by Sami Vatanen and loses puck.
7:11 of 1st period - Eric Staal is hit by Brendan Lemieux.
7:27 of 1st period - Patrik Berglund is hit by David Backes.
7:37 of 1st period - Major Penalty to David Backes for Boarding.
7:38 of 1st period - T.J. Hensick wins face-off versus Eric Staal in Red Wings zone.
7:55 of 1st period - Erik Johnson is hit by T.J. Hensick and loses puck.
8:12 of 1st period - Slapshot by Evgeny Svechnikov.
8:12 of 1st period - Goal by Evgeny Svechnikov - Flames : 1 - Red Wings : 0.
8:13 of 1st period - T.J. Hensick wins face-off versus Eric Staal in neutral zone.
8:16 of 1st period - Jimmy Hayes is hit by Roland McKeown.
9:46 of 1st period - Jimmy Hayes is hit by Marco Scandella and loses puck.
9:53 of 1st period - Sami Vatanen is hit by Carson Mcmillan and loses puck.
10:48 of 1st period - Wrist shot by Jimmy Hayes.
10:48 of 1st period - Goal by Jimmy Hayes - Flames : 2 - Red Wings : 0.
10:49 of 1st period - T.J. Hensick wins face-off versus Patrik Berglund in neutral zone.
11:42 of 1st period - Tye McGinn is hit by Brad Marchand and loses puck.
11:55 of 1st period - Snap shot by Sami Vatanen.
11:55 of 1st period - Stopped by Alexandar Georgiev with a rebound.
12:37 of 1st period - Penalty to David Backes is over, David Backes is back on ice.
12:55 of 1st period - Snap shot by Dylan Larkin.
12:55 of 1st period - Shot Blocked by Christian Folin.
13:07 of 1st period - Anders Lee is hit by Ivan Provorov and loses puck.
13:20 of 1st period - Wrist shot by Brendan Lemieux.
13:20 of 1st period - Shot Misses the Net.
13:37 of 1st period - Snap shot by Anders Lee.
13:37 of 1st period - Shot Misses the Net.
13:53 of 1st period - Snap shot by Anders Lee.
13:53 of 1st period - Deflect By Bryan Rust.
13:53 of 1st period - Stopped by Alexandar Georgiev with a rebound.
13:55 of 1st period - Snap shot by David Ullstrom.
13:55 of 1st period - Stopped by Alexandar Georgiev without a rebound.
13:56 of 1st period - Dylan Larkin wins face-off versus Patrik Berglund in Red Wings zone.
14:29 of 1st period - Wrist shot by David Backes.
14:29 of 1st period - Shot Misses the Net.
14:31 of 1st period - Snap shot by Charlie Coyle.
14:31 of 1st period - Deflect By David Backes.
14:31 of 1st period - Stopped by Christopher Gibson without a rebound.
14:32 of 1st period - Tanner Pearson wins face-off versus Dylan Larkin in Flames zone.
14:32 of 1st period - Tanner Pearson is hit by Connor Brown.
14:56 of 1st period - Dylan Larkin is hit by Jake DeBrusk and loses puck.
15:55 of 1st period - Tye McGinn is hit by Tanner Pearson and loses puck.
16:49 of 1st period - Slapshot by Sami Vatanen.
16:49 of 1st period - Shot Misses the Net.
16:51 of 1st period - Snap shot by Brad Marchand.
16:51 of 1st period - Stopped by Alexandar Georgiev without a rebound.
16:52 of 1st period - Eric Staal wins face-off versus T.J. Hensick in Red Wings zone.
17:03 of 1st period - Wrist shot by Bryan Rust.
17:03 of 1st period - Stopped by Alexandar Georgiev with a rebound.
17:24 of 1st period - Snap shot by Eric Staal.
17:24 of 1st period - Shot Blocked by T.J. Hensick.
17:41 of 1st period - Slapshot by Jake Virtanen.
17:41 of 1st period - Shot Misses the Net.
17:45 of 1st period - Snap shot by Jake Virtanen.
17:45 of 1st period - Deflect By T.J. Hensick.
17:45 of 1st period - Stopped by Christopher Gibson without a rebound.
17:46 of 1st period - Patrik Berglund wins face-off versus Dylan Larkin in Flames zone.
18:58 of 1st period - Wrist shot by Jimmy Hayes.
18:58 of 1st period - Shot Misses the Net.
19:00 of 1st period - Snap shot by Tanner Pearson.
19:00 of 1st period - Stopped by Alexandar Georgiev without a rebound.
19:01 of 1st period - Tanner Pearson wins face-off versus Dylan Larkin in Red Wings zone.
19:12 of 1st period - Snap shot by Connor Brown.
19:12 of 1st period - Shot Misses the Net.
19:14 of 1st period - Snap shot by Dylan Larkin.
19:14 of 1st period - Deflect By Tanner Pearson.
19:14 of 1st period - Stopped by Christopher Gibson without a rebound.
19:15 of 1st period - Charlie Coyle wins face-off versus Eric Staal in Flames zone.
19:42 of 1st period - Connor Brown is hit by Sami Vatanen and loses puck.
19:47 of 1st period - Wrist shot by Kevin Labanc.
19:47 of 1st period - Shot Misses the Net.
19:55 of 1st period - Christian Folin is hit by Colton Parayko and loses puck.
Goals for this period are 2 for Flames vs 0 for Red Wings.
Shots for this period are 11 for Flames vs 6 for Red Wings.

2nd period


0:01 of 2nd period - Charlie Coyle wins face-off versus Eric Staal in neutral zone.
0:14 of 2nd period - Philip Samuelsson is hit by Bryan Rust and loses puck.
0:27 of 2nd period - Jimmy Hayes is hit by Danton Heinen and loses puck.
1:08 of 2nd period - Minor Penalty to Marco Scandella for Delaying the game.
1:09 of 2nd period - Eric Staal wins face-off versus T.J. Hensick in Red Wings zone.
1:30 of 2nd period - Carson Mcmillan is hit by Jake DeBrusk.
1:46 of 2nd period - Wrist shot by Patrik Berglund.
1:46 of 2nd period - Shot Blocked by Philip Samuelsson.
1:48 of 2nd period - Slapshot by Sami Vatanen.
1:48 of 2nd period - Shot Misses the Net.
1:50 of 2nd period - Snap shot by Patrik Berglund.
1:50 of 2nd period - Shot Misses the Net.
1:52 of 2nd period - Snap shot by Tanner Pearson.
1:52 of 2nd period - Shot Blocked by Roland McKeown.
1:54 of 2nd period - Wrist shot by Tanner Pearson.
1:54 of 2nd period - Shot Blocked by Roland McKeown.
2:16 of 2nd period - Drew Fata is hit by Jake DeBrusk.
3:04 of 2nd period - Esa Lindell is hit by Colton Parayko.
3:08 of 2nd period - Penalty to Marco Scandella is over, Marco Scandella is back on ice.
3:39 of 2nd period - Sami Vatanen is hit by Danton Heinen and loses puck.
3:54 of 2nd period - Wrist shot by Anders Lee.
3:54 of 2nd period - Shot Blocked by Drew Fata.
3:56 of 2nd period - Slapshot by Erik Johnson.
3:56 of 2nd period - Stopped by Alexandar Georgiev without a rebound.
3:57 of 2nd period - Kyle Palmieri wins face-off versus Charlie Coyle in Red Wings zone.
4:03 of 2nd period - Minor Penalty to David Backes for Slashing.
4:04 of 2nd period - T.J. Hensick wins face-off versus Eric Staal in Red Wings zone.
4:30 of 2nd period - Max Reinhart is hit by Tanner Pearson and loses puck.
4:37 of 2nd period - Slapshot by Evgeny Svechnikov.
4:37 of 2nd period - Stopped by Alexandar Georgiev without a rebound.
4:38 of 2nd period - T.J. Hensick wins face-off versus Patrik Berglund in Red Wings zone.
6:03 of 2nd period - Penalty to David Backes is over, David Backes is back on ice.
6:18 of 2nd period - Snap shot by Anders Lee.
6:18 of 2nd period - Shot Misses the Net.
6:57 of 2nd period - Tye McGinn is hit by Christian Folin and loses puck.
7:25 of 2nd period - Philip Samuelsson is hit by Kevin Labanc and loses puck.
7:47 of 2nd period - Rasmus Andersson is hit by Max Reinhart and loses puck.
7:54 of 2nd period - Snap shot by Max Reinhart.
7:54 of 2nd period - Shot Misses the Net.
7:56 of 2nd period - Wrist shot by Max Reinhart.
7:56 of 2nd period - Stopped by Christopher Gibson without a rebound.
7:57 of 2nd period - Charlie Coyle wins face-off versus Patrik Berglund in Flames zone.
8:00 of 2nd period - Slapshot by Brendan Lemieux.
8:00 of 2nd period - Deflect By David Backes.
8:00 of 2nd period - Stopped by Christopher Gibson without a rebound.
8:01 of 2nd period - Charlie Coyle wins face-off versus Patrik Berglund in Flames zone.
8:13 of 2nd period - Wrist shot by Jimmy Hayes.
8:13 of 2nd period - Stopped by Alexandar Georgiev without a rebound.
8:14 of 2nd period - Charlie Coyle wins face-off versus Eric Staal in Red Wings zone.
8:14 of 2nd period - Charlie Coyle is hit by Sami Vatanen.
9:05 of 2nd period - Erik Johnson is hit by Jake Virtanen and loses puck.
9:55 of 2nd period - Snap shot by Brendan Lemieux.
9:55 of 2nd period - Shot Blocked by Eric Staal.
10:01 of 2nd period - Minor Penalty to Eric Staal for Holding.
10:02 of 2nd period - Dylan Larkin wins face-off versus Brad Marchand in Flames zone.
10:15 of 2nd period - Snap shot by Dylan Larkin.
10:15 of 2nd period - Goal by Dylan Larkin - Flames : 2 - Red Wings : 1.
10:16 of 2nd period - Charlie Coyle wins face-off versus Eric Staal in neutral zone.
10:23 of 2nd period - Snap shot by Brendan Lemieux.
10:23 of 2nd period - Shot Misses the Net.
10:25 of 2nd period - Minor Penalty to Brad Marchand for Hooking.
10:26 of 2nd period - Patrik Berglund wins face-off versus Dylan Larkin in Flames zone.
11:34 of 2nd period - Colby Robak is hit by Jake Virtanen.
12:25 of 2nd period - Penalty to Brad Marchand is over, Brad Marchand is back on ice.
12:51 of 2nd period - Snap shot by Max Reinhart.
12:51 of 2nd period - Shot Misses the Net.
13:31 of 2nd period - Snap shot by David Ullstrom.
13:31 of 2nd period - Stopped by Alexandar Georgiev without a rebound.
13:32 of 2nd period - Dylan Larkin wins face-off versus Anders Lee in Red Wings zone.
13:51 of 2nd period - Minor Penalty to Marco Scandella for Hooking.
13:52 of 2nd period - Jimmy Hayes wins face-off versus T.J. Hensick in Red Wings zone.
14:01 of 2nd period - Wrist shot by Eric Staal.
14:01 of 2nd period - Deflect By Jimmy Hayes.
14:01 of 2nd period - Shot Misses the Net.
14:01 of 2nd period - Puck is out of play.
14:02 of 2nd period - T.J. Hensick wins face-off versus Eric Staal in Red Wings zone.
14:49 of 2nd period - Snap shot by Jimmy Hayes.
14:49 of 2nd period - Shot Misses the Net.
15:02 of 2nd period - Minor Penalty to Jimmy Hayes for Holding.
15:03 of 2nd period - Bryan Rust wins face-off versus Dylan Larkin in Flames zone.
15:15 of 2nd period - Slapshot by Connor Brown.
15:15 of 2nd period - Shot Misses the Net.
15:35 of 2nd period - Slapshot by Bryan Rust.
15:35 of 2nd period - Stopped by Alexandar Georgiev with a rebound.
15:37 of 2nd period - Wrist shot by Christian Folin.
15:37 of 2nd period - Stopped by Alexandar Georgiev with a rebound.
15:39 of 2nd period - Slapshot by Esa Lindell.
15:39 of 2nd period - Stopped by Alexandar Georgiev without a rebound.
15:40 of 2nd period - Dylan Larkin wins face-off versus Eric Staal in Red Wings zone.
15:51 of 2nd period - Penalty to Marco Scandella is over, Marco Scandella is back on ice.
16:37 of 2nd period - Bryan Rust is hit by Colton Parayko and loses puck.
17:02 of 2nd period - Penalty to Jimmy Hayes is over, Jimmy Hayes is back on ice.
17:06 of 2nd period - Slapshot by David Ullstrom.
17:06 of 2nd period - Stopped by Alexandar Georgiev with a rebound.
17:08 of 2nd period - Snap shot by Jimmy Hayes.
17:08 of 2nd period - Shot Blocked by Tye McGinn.
17:10 of 2nd period - Slapshot by Christian Folin.
17:10 of 2nd period - Shot Misses the Net.
17:12 of 2nd period - Wrist shot by Jimmy Hayes.
17:12 of 2nd period - Shot Blocked by Brendan Lemieux.
17:14 of 2nd period - Slapshot by Anders Lee.
17:14 of 2nd period - Shot Blocked by Max Reinhart.
17:16 of 2nd period - Slapshot by Jimmy Hayes.
17:16 of 2nd period - Shot Misses the Net.
17:18 of 2nd period - Snap shot by Anders Lee.
17:18 of 2nd period - Goal by Anders Lee - Flames : 3 - Red Wings : 1.
17:19 of 2nd period - Dylan Larkin wins face-off versus Patrik Berglund in neutral zone.
17:22 of 2nd period - Patrik Berglund is hit by Connor Brown and loses puck.
17:32 of 2nd period - Icing by Dylan Larkin.
17:33 of 2nd period - Dylan Larkin wins face-off versus Bryan Rust in Red Wings zone.
17:50 of 2nd period - Wrist shot by Danton Heinen.
17:50 of 2nd period - Deflect By Sami Vatanen.
17:50 of 2nd period - Stopped by Christopher Gibson without a rebound.
17:51 of 2nd period - Charlie Coyle wins face-off versus Tanner Pearson in Flames zone.
18:00 of 2nd period - Wrist shot by Charlie Coyle.
18:00 of 2nd period - Stopped by Christopher Gibson without a rebound.
18:01 of 2nd period - Charlie Coyle wins face-off versus Patrik Berglund in Flames zone.
18:10 of 2nd period - Snap shot by David Backes.
18:10 of 2nd period - Stopped by Christopher Gibson without a rebound.
18:11 of 2nd period - Eric Staal wins face-off versus Charlie Coyle in Flames zone.
18:22 of 2nd period - Snap shot by Bryan Rust.
18:22 of 2nd period - Shot Blocked by Charlie Coyle.
18:24 of 2nd period - Wrist shot by Brad Marchand.
18:24 of 2nd period - Shot Misses the Net.
18:26 of 2nd period - Snap shot by Eric Staal.
18:26 of 2nd period - Stopped by Alexandar Georgiev with a rebound.
18:28 of 2nd period - Wrist shot by Bryan Rust.
18:28 of 2nd period - Shot Misses the Net.
18:59 of 2nd period - Wrist shot by Jake Virtanen.
18:59 of 2nd period - Shot Blocked by Christian Folin.
19:01 of 2nd period - Slapshot by Philip Samuelsson.
19:01 of 2nd period - Stopped by Christopher Gibson with a rebound.
19:03 of 2nd period - Backhand shot by Philip Samuelsson.
19:03 of 2nd period - Deflect By Esa Lindell.
19:03 of 2nd period - Stopped by Christopher Gibson with a rebound.
19:05 of 2nd period - Slapshot by Colton Parayko.
19:05 of 2nd period - Shot Misses the Net.
19:31 of 2nd period - Wrist shot by Evgeny Svechnikov.
19:31 of 2nd period - Stopped by Alexandar Georgiev without a rebound.
19:32 of 2nd period - Charlie Coyle wins face-off versus Eric Staal in Red Wings zone.
Goals for this period are 1 for Flames vs 1 for Red Wings.
Shots for this period are 11 for Flames vs 8 for Red Wings.

3rd period


0:01 of 3rd period - Eric Staal wins face-off versus Charlie Coyle in neutral zone.
0:07 of 3rd period - Off-side.
0:08 of 3rd period - Charlie Coyle wins face-off versus Eric Staal in neutral zone.
0:11 of 3rd period - Eric Staal is hit by Brendan Lemieux and loses puck.
0:30 of 3rd period - Wrist shot by Eric Staal.
0:30 of 3rd period - Shot Misses the Net.
0:32 of 3rd period - Wrist shot by Brad Marchand.
0:32 of 3rd period - Deflect By Bryan Rust.
0:32 of 3rd period - Shot Misses the Net.
0:32 of 3rd period - Puck is out of play.
0:33 of 3rd period - Dylan Larkin wins face-off versus Patrik Berglund in Red Wings zone.
0:33 of 3rd period - Dylan Larkin is hit by Patrik Berglund.
0:45 of 3rd period - Dylan Larkin is hit by Jimmy Hayes.
1:40 of 3rd period - Philip Samuelsson is hit by Colby Robak and loses puck.
2:07 of 3rd period - Snap shot by Jimmy Hayes.
2:07 of 3rd period - Shot Blocked by Colton Parayko.
2:09 of 3rd period - Wrist shot by Patrik Berglund.
2:09 of 3rd period - Shot Misses the Net.
2:30 of 3rd period - Dylan Larkin is hit by Sami Vatanen and loses puck.
2:37 of 3rd period - Snap shot by Kevin Labanc.
2:37 of 3rd period - Shot Misses the Net.
2:44 of 3rd period - Minor Penalty to Dylan Larkin for High sticking.
2:45 of 3rd period - Jimmy Hayes wins face-off versus T.J. Hensick in Red Wings zone.
4:35 of 3rd period - Tanner Pearson is hit by T.J. Hensick and loses puck.
4:44 of 3rd period - Penalty to Dylan Larkin is over, Dylan Larkin is back on ice.
4:52 of 3rd period - Snap shot by Anders Lee.
4:52 of 3rd period - Stopped by Alexandar Georgiev without a rebound.
4:53 of 3rd period - Anders Lee wins face-off versus Dylan Larkin in Red Wings zone.
4:58 of 3rd period - Wrist shot by Brad Marchand.
4:58 of 3rd period - Shot Blocked by Marco Scandella.
5:00 of 3rd period - Slapshot by Brad Marchand.
5:00 of 3rd period - Shot Misses the Net.
5:02 of 3rd period - Slapshot by Bryan Rust.
5:02 of 3rd period - Shot Blocked by Ivan Provorov.
5:04 of 3rd period - Slapshot by Colby Robak.
5:04 of 3rd period - Shot Blocked by Connor Brown.
5:20 of 3rd period - Slapshot by Bryan Rust.
5:20 of 3rd period - Stopped by Alexandar Georgiev with a rebound.
5:42 of 3rd period - Wrist shot by Bryan Rust.
5:42 of 3rd period - Stopped by Alexandar Georgiev with a rebound.
5:44 of 3rd period - Snap shot by Bryan Rust.
5:44 of 3rd period - Stopped by Alexandar Georgiev with a rebound.
5:46 of 3rd period - Snap shot by Rasmus Andersson.
5:46 of 3rd period - Deflect By Bryan Rust.
5:46 of 3rd period - Shot Blocked by Ivan Provorov.
5:46 of 3rd period - Puck is out of play.
5:47 of 3rd period - Charlie Coyle wins face-off versus Jimmy Hayes in Red Wings zone.
6:14 of 3rd period - Sami Vatanen is hit by Jake Virtanen and loses puck.
6:19 of 3rd period - Wrist shot by Tye McGinn.
6:19 of 3rd period - Stopped by Christopher Gibson without a rebound.
6:20 of 3rd period - T.J. Hensick wins face-off versus Kyle Palmieri in Flames zone.
6:49 of 3rd period - Snap shot by Brendan Lemieux.
6:49 of 3rd period - Shot Blocked by Jimmy Hayes.
6:55 of 3rd period - Brendan Lemieux is hit by Christian Folin and loses puck.
7:16 of 3rd period - Wrist shot by Anders Lee.
7:16 of 3rd period - Shot Misses the Net.
7:18 of 3rd period - Snap shot by Evgeny Svechnikov.
7:18 of 3rd period - Deflect By David Ullstrom.
7:18 of 3rd period - Stopped by Alexandar Georgiev with a rebound.
7:20 of 3rd period - Snap shot by Anders Lee.
7:20 of 3rd period - Stopped by Alexandar Georgiev without a rebound.
7:21 of 3rd period - Eric Staal wins face-off versus Dylan Larkin in Red Wings zone.
7:52 of 3rd period - Slapshot by Patrik Berglund.
7:52 of 3rd period - Stopped by Alexandar Georgiev without a rebound.
7:53 of 3rd period - Patrik Berglund wins face-off versus Charlie Coyle in Red Wings zone.
8:04 of 3rd period - Slapshot by Patrik Berglund.
8:04 of 3rd period - Stopped by Alexandar Georgiev without a rebound.
8:05 of 3rd period - Charlie Coyle wins face-off versus Bryan Rust in Red Wings zone.
8:31 of 3rd period - David Backes is hit by Kevin Labanc and loses puck.
9:23 of 3rd period - Snap shot by Dylan Larkin.
9:23 of 3rd period - Deflect By Danton Heinen.
9:23 of 3rd period - Stopped by Christopher Gibson without a rebound.
9:24 of 3rd period - Bryan Rust wins face-off versus T.J. Hensick in Flames zone.
9:50 of 3rd period - Off-side.
9:51 of 3rd period - Patrik Berglund wins face-off versus Max Reinhart in neutral zone.
10:14 of 3rd period - Wrist shot by Jimmy Hayes.
10:14 of 3rd period - Stopped by Alexandar Georgiev without a rebound.
10:15 of 3rd period - Eric Staal wins face-off versus Charlie Coyle in Red Wings zone.
11:55 of 3rd period - Snap shot by Max Reinhart.
11:55 of 3rd period - Shot Blocked by Bryan Rust.
11:57 of 3rd period - Slapshot by Carson Mcmillan.
11:57 of 3rd period - Stopped by Christopher Gibson with a rebound.
11:59 of 3rd period - Snap shot by Roland McKeown.
11:59 of 3rd period - Stopped by Christopher Gibson without a rebound.
12:00 of 3rd period - Patrik Berglund wins face-off versus Dylan Larkin in Flames zone.
12:18 of 3rd period - Minor Penalty to Danton Heinen for Roughing.
12:19 of 3rd period - T.J. Hensick wins face-off versus Eric Staal in Red Wings zone.
12:51 of 3rd period - Wrist shot by Tanner Pearson.
12:51 of 3rd period - Shot Misses the Net.
12:57 of 3rd period - Slapshot by Evgeny Svechnikov.
12:57 of 3rd period - Shot Blocked by Marco Scandella.
13:13 of 3rd period - Carson Mcmillan is hit by Evgeny Svechnikov and loses puck.
13:58 of 3rd period - Wrist shot by Brendan Lemieux.
13:58 of 3rd period - Shot Blocked by Erik Johnson.
14:06 of 3rd period - Erik Johnson is hit by Lucas Lessio and loses puck.
14:18 of 3rd period - Penalty to Danton Heinen is over, Danton Heinen is back on ice.
14:39 of 3rd period - Slapshot by Bryan Rust.
14:39 of 3rd period - Shot Misses the Net.
15:08 of 3rd period - Wrist shot by T.J. Hensick.
15:08 of 3rd period - Shot Misses the Net.
15:20 of 3rd period - Drew Fata is hit by Jimmy Hayes.
16:14 of 3rd period - Rasmus Andersson is hit by Dylan Larkin and loses puck.
16:33 of 3rd period - Tanner Pearson is hit by T.J. Hensick.
16:49 of 3rd period - Colton Parayko is hit by Erik Johnson and loses puck.
17:21 of 3rd period - Jake Virtanen is hit by Anders Lee and loses puck.
18:00 of 3rd period - Icing by Drew Fata.
18:01 of 3rd period - Anders Lee wins face-off versus Max Reinhart in Red Wings zone.
18:18 of 3rd period - Wrist shot by Drew Fata.
18:18 of 3rd period - Shot Misses the Net.
19:18 of 3rd period - Snap shot by Eric Staal.
19:18 of 3rd period - Stopped by Alexandar Georgiev without a rebound.
19:19 of 3rd period - Dylan Larkin wins face-off versus Eric Staal in Red Wings zone.
19:32 of 3rd period - Snap shot by Dylan Larkin.
19:32 of 3rd period - Stopped by Christopher Gibson with a rebound.
19:34 of 3rd period - Snap shot by Dylan Larkin.
19:34 of 3rd period - Goal by Dylan Larkin - Flames : 3 - Red Wings : 2.
19:35 of 3rd period - Eric Staal wins face-off versus Dylan Larkin in neutral zone.
19:50 of 3rd period - Red Wings, Alexandar Georgiev is pulled from the net.
Goals for this period are 0 for Flames vs 1 for Red Wings.
Shots for this period are 10 for Flames vs 6 for Red Wings.